Map: New Gettysburg LE

Players

robert - Winner!

  • Race: Protoss Protoss
  • League: Silver

Gracz

  • Race: Zerg Zerg
  • League: Silver

VOD

Have the link to the VOD?

Description

Time

  • Played on: Sept. 25, 2016, 1:33 p.m.
  • Length: 19:38
Show
View Real Time Build Order
Export as new Build Order

robert Protoss - Winner!

Build Orders:  

Get SALT Encoding   

  12  0:15  Pylon  
  12  0:18  Probe (Chrono Boost)  
  13  0:29  Probe (Chrono Boost)  
  14  0:37  Forge  
  14  0:42  Probe (Chrono Boost)  
  15  0:53  Probe (Chrono Boost)  
  16  1:01  Gateway  
  16  1:03  Probe (Chrono Boost)  
  17  1:18  Photon Cannon  
  17  1:27  Photon Cannon  
  17  1:47  Pylon  
  17  1:54  Pylon  
  17  1:57  Assimilator  
  17  1:58  Probe (Chrono Boost)  
  18  2:09  Probe (Chrono Boost)  
  19  2:16  Photon Cannon  
  19  2:19  Probe (Chrono Boost)  
  20  2:23  Cybernetics Core  
  20  2:30  Probe (Chrono Boost)  
  21  2:41  Assimilator  
  21  3:01  Photon Cannon  
  21  3:10  Photon Cannon  
  21  3:15  Twilight Council  
  21  3:27  Pylon  
  21  3:47  Stargate  
  21  4:09  Dark Shrine  
  21  4:21  Photon Cannon  
  21  4:22  Photon Cannon  
  21  4:28  Pylon  
  21  4:36  Void Ray  
  25  4:53  Gateway  
  25  5:04  Pylon  
  25  5:12  Pylon  
  23  5:57  Stargate  
  23  5:58  Void Ray  
  23  6:02  Dark Templar  
  20  6:37  Photon Cannon  
  20  7:21  Pylon, Probe (Chrono Boost)  
  21  7:31  Probe (Chrono Boost)  
  22  7:52  Probe (Chrono Boost)  
  23  8:02  Probe (Chrono Boost)  
  24  8:13  Probe (Chrono Boost)  
  25  8:23  Probe (Chrono Boost)  
  26  8:43  Nexus  
  26  8:57  Photon Cannon  
  26  9:20  Void Ray  
  30  9:34  Void Ray  
  34  9:56  Probe (Chrono Boost)  
  36  10:07  Probe (Chrono Boost)  
  36  10:13  Void Ray  
  40  10:17  Probe (Chrono Boost)  
  41  10:28  Probe (Chrono Boost)  
  42  10:30  Void Ray  
  46  10:38  Probe (Chrono Boost)  
  47  10:49  Probe (Chrono Boost)  
  48  10:52  Assimilator  
  48  10:55  Assimilator  
  48  11:00  Probe (Chrono Boost)  
  49  11:10  Probe (Chrono Boost)  
  50  11:12  Void Ray  
  54  11:21  Probe (Chrono Boost)  
  55  11:26  Robotics Facility  
  55  11:31  Probe (Chrono Boost)  
  56  11:42  Pylon, Probe (Chrono Boost)  
  56  11:44  Pylon  
  57  11:49  Void Ray  
  62  11:54  Probe (Chrono Boost)  
  62  12:04  Probe (Chrono Boost)  
  63  12:15  Probe (Chrono Boost)  
  64  12:21  Cybernetics Core  
  64  12:25  Void Ray  
  64  12:26  Probe (Chrono Boost)  
  69  12:37  Stargate  
  69  12:51  Photon Cannon  
  69  12:56  Photon Cannon  
  69  12:58  Photon Cannon  
  69  13:11  Probe (Chrono Boost)  
  70  13:21  Probe (Chrono Boost)  
  70  13:23  Protoss Air Weapons Level 1  
  70  13:25  Protoss Air Armor Level 1  
  71  13:32  Probe (Chrono Boost)  
  72  13:42  Probe (Chrono Boost)  
  73  13:52  Nexus  
  73  13:53  Probe (Chrono Boost)  
  74  13:59  Pylon  
  74  14:05  Void Ray  
  78  14:25  Fleet Beacon  
  78  14:34  Probe (Chrono Boost)  
  79  14:44  Assimilator  
  79  14:45  Probe (Chrono Boost)  
  80  14:47  Assimilator  
  80  14:53  Pylon  
  80  14:55  Probe (Chrono Boost)  
  81  15:06  Probe (Chrono Boost)  
  82  15:12  Probe (Chrono Boost)  
  83  15:17  Probe (Chrono Boost)  
  83  15:18  Void Ray  
  83  15:21  Void Ray  
  88  15:22  Probe (Chrono Boost)  
  93  15:33  Probe (Chrono Boost)  
  94  15:43  Probe (Chrono Boost)  
  94  15:48  Pylon  
  95  15:50  Photon Cannon  
  95  15:52  Photon Cannon  
  95  15:54  Probe (Chrono Boost)  
  96  16:00  Robotics Facility  
  96  16:16  Protoss Air Weapons Level 2, Protoss Air Armor Level 2  
  96  16:20  Void Ray x3  
  108  16:32  Warp Prism  
  110  16:52  Observer  
  111  17:03  Tempest x2  
  119  17:14  Observer  
  120  17:38  Pylon  
  120  17:45  Pylon  
  94  18:51  Void Ray x3  
Show
View Real Time Build Order
Export as new Build Order

Gracz Zerg 

Build Orders: Hatch First 

Get SALT Encoding   

  12  0:11  Drone  
  13  0:27  Drone  
  14  0:47  Hatchery  
  13  0:56  Spawning Pool  
  12  1:10  Drone  
  12  1:11  Drone  
  14  1:12  Overlord  
  14  1:47  Zergling x6  
  17  2:00  Zergling x2, Queen  
  20  2:38  Zergling x6  
  23  2:48  Spine Crawler  
  18  2:55  Drone  
  19  3:13  Spine Crawler  
  19  3:17  Drone x2  
  20  3:35  Spine Crawler  
  20  3:36  Spine Crawler  
  20  3:39  Zergling x4  
  20  3:42  Drone x3  
  20  3:45  Extractor  
  20  3:47  Extractor  
  21  3:50  Queen  
  23  4:56  Queen  
  23  5:32  Queen  
  16  6:07  Hatchery  
  15  6:42  Drone x3  
  18  6:48  Queen  
  20  7:00  Drone x2  
  20  7:15  Spore Crawler  
  20  7:16  Spore Crawler  
  20  7:19  Spore Crawler  
  16  7:30  Lair  
  17  7:56  Zergling x6  
  19  8:01  Extractor  
  18  8:24  Drone x2  
  18  8:25  Overlord  
  18  8:26  Overlord x2  
  20  8:33  Metabolic Boost  
  20  8:41  Spire  
  19  8:47  Infestation Pit  
  18  8:51  Nydus Network  
  18  8:53  Drone  
  18  8:54  Drone x3  
  21  9:08  Queen x2  
  25  9:16  Drone x3  
  25  9:17  Drone  
  29  9:46  Evolution Chamber  
  29  9:49  Evolution Chamber  
  27  9:57  Corruptor  
  27  9:58  Corruptor x3  
  35  10:13  Extractor, Drone x4  
  38  10:17  Zerg Ground Armor Level 1  
  38  10:41  Queen  
  38  10:42  Queen  
  42  10:48  Hydralisk Den  
  42  10:49  Zerg Melee Weapons Level 1  
  41  11:17  Queen  
  43  11:21  Overlord x3  
  43  11:43  Hatchery  
  42  11:49  Drone  
  42  11:50  Drone  
  44  12:05  Queen  
  46  12:24  Hive  
  46  12:35  Zerg Ground Armor Level 2  
  46  12:39  Drone  
  47  12:55  Drone x4  
  51  13:13  Hydralisk  
  51  13:14  Hydralisk  
  51  13:16  Hydralisk  
  57  13:25  Drone  
  57  13:26  Drone x2  
  60  13:52  Nydus Canal  
  60  14:08  Nydus Canal  
  60  14:13  Hydralisk x2  
  60  14:14  Hydralisk x5  
  74  14:18  Overlord  
  74  14:41  Hydralisk x3  
  74  14:42  Hydralisk  
  74  14:45  Overlord x2  
  82  15:03  Hydralisk x3  
  82  15:04  Hydralisk  
  90  15:24  Zergling x2  
  90  15:25  Zergling x12  
  97  15:37  Queen  
  97  15:54  Overlord x2  
  97  15:55  Overlord  
  97  16:11  Hydralisk x3  
  97  16:12  Hydralisk x3  
  107  17:15  Hydralisk x3  
  107  17:16  Hydralisk x4  
  121  17:39  Nydus Canal  
  33  18:51  Hydralisk  
  33  18:52  Hydralisk x9  
Tags
 
Add a new tag
Caveats
  • Supply blocks, unpowered buildings, or Contaminate may cause inaccurate times.
  • Supply counts are checked every 10 seconds.